[Event "ICC tourney 2481 (75 10)"]
[Site "Internet Chess Club"]
[Date "2021.03.27"]
[Round "1"]
[White "MEIYAPPAN, KAVYA:kavyameiyappan"]
[Black "PARVATHANENI, NIKHIL:Nikhilp"]
[Result "0-1"]
[ICCResult "White resigns"]
[WhiteElo "1612"]
[BlackElo "1793"]
[Opening "Two knights defense"]
[ECO "C56"]
[NIC "KP.02"]
[Time "12:03:29"]
[PlyCount "104"]
[TimeControl "4500+10"]

1. e4 e5 2. Nf3 Nc6 3. Bc4 Nf6 4. d4 exd4 5. O-O Nxe4 6. Re1 d5 7. Bxd5
Qxd5 8. Nc3 Qh5 9. Nxe4 Be6 10. Neg5 O-O-O 11. Nxe6 fxe6 12. Rxe6 Bd6 13.
Re1 Rhf8 14. h3 Rfe8 15. Bg5 Rxe1+ 16. Qxe1 Re8 17. Qd2 Qg6 18. Re1 Rf8 19.
Kh1 h6 20. Bh4 Bf4 21. Qe2 Qd6 22. Be7 Nxe7 23. Qxe7 g5 24. Nxd4 Qxe7 25.
Rxe7 Rd8 26. g3 Rxd4 27. gxf4 Rxf4 28. Kg2 h5 29. Rg7 Rf5 30. Re7 b6 31.
Re4 Kd7 32. h4 g4 33. Re3 Kd6 34. f3 gxf3+ 35. Rxf3 Rxf3 36. Kxf3 Ke5 37.
Ke3 Kf5 38. Kf3 c6 39. b3 c5 40. c4 a6 41. a3 b5 42. cxb5 axb5 43. b4 c4
44. Ke3 Ke5 45. Kd2 Kd4 46. Kc2 c3 47. a4 bxa4 48. b5 a3 49. b6 a2 50. b7
a1=Q 51. b8=Q Qa2+ 52. Kc1 Qd2+ { White resigns } 0-1

[Event "ICC tourney 2481 (75 10)"]
[Site "Internet Chess Club"]
[Date "2021.03.27"]
[Round "1"]
[White "BONNELL, LEO W:bonnelleo1"]
[Black "YANG, MAXWELL Z:tigertiger2019"]
[Result "1/2-1/2"]
[ICCResult "Game drawn by mutual agreement"]
[WhiteElo "1832"]
[BlackElo "1650"]
[Opening "Neo-Grünfeld, 6.O-O c6"]
[ECO "D78"]
[NIC "GI.02"]
[Time "12:03:26"]
[PlyCount "95"]
[TimeControl "4500+10"]

1. d4 Nf6 2. Nf3 g6 3. g3 Bg7 4. Bg2 d5 5. O-O O-O 6. c4 c6 7. Nc3 Nbd7 8.
cxd5 cxd5 9. Qb3 Nb6 10. a4 Nc4 11. Ne5 Na5 12. Qb4 e6 13. Bg5 Nc6 14. Nxc6
bxc6 15. Qc5 h6 16. Bf4 Qb6 17. Bd6 Re8 18. e3 Ba6 19. Qxb6 axb6 20. Rfc1
Bf8 21. Bxf8 Kxf8 22. a5 bxa5 23. Rxa5 Bc4 24. Rca1 Rxa5 25. Rxa5 Rb8 26.
Na4 Rb4 27. Bf1 Bb5 28. Bxb5 cxb5 29. Nc3 Rxb2 30. Rxb5 Rxb5 31. Nxb5 g5
32. Nc3 g4 33. Kg2 h5 34. Ne2 Kg7 35. Nf4 Kh6 36. h4 Nd7 37. Nd3 Kg7 38.
Nf4 Kh6 39. Nd3 Kg7 40. f3 Kh6 41. fxg4 hxg4 42. Kf2 Nf6 43. Ne5 Ne4+ 44.
Kg2 f5 45. Nd3 Kg6 46. Nf4+ Kf7 47. Ne2 Kf6 48. Nf4 { Game drawn by mutual
agreement } 1/2-1/2

[Event "ICC tourney 2481 (75 10)"]
[Site "Internet Chess Club"]
[Date "2021.03.27"]
[Round "1"]
[White "WANG, CHLOE HEATHER:kittycat35"]
[Black "PU, LANDON:landonp"]
[Result "0-1"]
[ICCResult "White forfeits on time"]
[WhiteElo "1725"]
[BlackElo "1483"]
[Opening "Ruy Lopez: 5.O-O"]
[ECO "C78"]
[NIC "RL.12"]
[Time "12:03:18"]
[PlyCount "78"]
[TimeControl "4500+10"]

1. e4 e5 2. Nf3 Nc6 3. Bb5 a6 4. Ba4 Nf6 5. O-O b5 6. Bb3 Bc5 7. d3 h6 8.
Nc3 d6 9. h3 O-O 10. Be3 Bxe3 11. fxe3 Re8 12. Nh2 Ne7 13. Qf3 c6 14. Qg3
Kf8 15. d4 Ng6 16. a3 Be6 17. d5 cxd5 18. Nxd5 Bxd5 19. exd5 Rc8 20. c3 Kg8
21. Qf2 Rf8 22. a4 Ne4 23. Qc2 Ng3 24. Rfe1 b4 25. Nf3 bxc3 26. bxc3 Qa5
27. c4 Qc5 28. Kh2 Nh5 29. g4 Nf6 30. Qg2 Rb8 31. Rab1 Rb4 32. g5 hxg5 33.
Qxg5 Rfb8 34. Bc2 Qxc4 35. Bxg6 fxg6 36. Rxb4 Rxb4 37. Qxg6 Qxd5 38. Qg3
Rxa4 39. Rg1 Nh5 { White forfeits on time } 0-1

[Event "ICC tourney 2481 (75 10)"]
[Site "Internet Chess Club"]
[Date "2021.03.27"]
[Round "1"]
[White "WU, JAYDEN:SparkyNinja"]
[Black "Nesham, William Joseph:FireFox95"]
[Result "0-1"]
[ICCResult "White forfeits on time"]
[WhiteElo "1679"]
[BlackElo "1990"]
[Opening "Evans gambit: 5...Be7"]
[ECO "C51"]
[NIC "IG.05"]
[Time "12:03:24"]
[PlyCount "120"]
[TimeControl "4500+10"]

1. e4 e5 2. Nf3 Nc6 3. Bc4 Bc5 4. b4 Bxb4 5. c3 Be7 6. d4 exd4 7. Qb3 Na5
8. Bxf7+ Kf8 9. Qd5 c6 10. Qf5 d6 11. Be6+ Bf6 12. Bxc8 Ne7 13. Qh5 Rxc8
14. cxd4 Nc4 15. O-O Qe8 16. Qxe8+ Rxe8 17. Nbd2 Nxd2 18. Bxd2 Ng6 19. Rfe1
h6 20. Rab1 b6 21. a4 Kf7 22. Rbc1 Rc8 23. e5 Be7 24. e6+ Ke8 25. d5 c5 26.
Nd4 Bf6 27. Nc6 Ra8 28. g3 Ne7 29. Nxe7 Kxe7 30. Bc3 Rhf8 31. Bxf6+ Rxf6
32. Rc3 Raf8 33. Re2 Rf5 34. Rd3 a6 35. Kg2 Rb8 36. Rf3 Rxf3 37. Kxf3 Rf8+
38. Ke4 g6 39. f4 b5 40. axb5 axb5 41. Rb2 b4 42. Ra2 Rb8 43. h4 Rb7 44.
Kd3 h5 45. Ra1 b3 46. Kc3 Kf6 47. Rb1 Rb4 48. Rxb3 Rd4 49. Kc2 Rxd5 50. Re3
Ke7 51. Kc3 Rd1 52. Kc4 Rd4+ 53. Kc3 Ra4 54. Kb3 Rb4+ 55. Kc3 d5 56. Re5
d4+ 57. Kd2 c4 58. Re4 d3 59. Kc3 Ra4 60. Re3 Ra3+ { White forfeits on time
} 0-1

[Event "ICC tourney 2481 (75 10)"]
[Site "Internet Chess Club"]
[Date "2021.03.27"]
[Round "1"]
[White "CAREY, MICHAEL P:xyzchessdude"]
[Black "MUNAGANURI, VAMSI:TacticalVM"]
[Result "0-1"]
[ICCResult "White resigns"]
[WhiteElo "1953"]
[BlackElo "1678"]
[Opening "Réti opening"]
[ECO "A11"]
[NIC "QP.09"]
[Time "12:03:16"]
[PlyCount "76"]
[TimeControl "4500+10"]

1. Nf3 d5 2. c4 c6 3. e3 Nf6 4. Nc3 Bg4 5. Qb3 b6 6. Ne5 e6 7. cxd5 exd5 8.
Nxg4 Nxg4 9. h3 Nf6 10. d4 Bd6 11. Be2 O-O 12. O-O Nbd7 13. Bd2 b5 14. a4
b4 15. Na2 a5 16. Qd1 Bb8 17. Bf3 Nb6 18. Nc1 Qd6 19. g3 h5 20. h4 g6 21.
Nd3 Nbd7 22. Rc1 Ba7 23. b3 Rfe8 24. Kg2 Re7 25. Qc2 Rc8 26. Qb1 c5 27.
dxc5 Bxc5 28. Rc2 Ne4 29. Rfc1 Ree8 30. Rd1 Ndf6 31. Nf4 Red8 32. Ne2 Qe6
33. Bc1 Qf5 34. Bb2 Ng4 35. Nd4 Bxd4 36. Rxd4 Ng5 37. hxg5 Rxc2 38. Qf1
Nxe3+ { White resigns } 0-1

[Event "ICC tourney 2481 (75 10)"]
[Site "Internet Chess Club"]
[Date "2021.03.27"]
[Round "1"]
[White "DINESH, ABINAV:abi2009"]
[Black "SATTARU, SRITEJ SAI:FL2009"]
[Result "0-1"]
[ICCResult "White resigns"]
[WhiteElo "1632"]
[BlackElo "1820"]
[Opening "Ruy Lopez: Berlin defense, open variation"]
[ECO "C67"]
[NIC "RL.07"]
[Time "12:04:01"]
[PlyCount "120"]
[TimeControl "4500+10"]

1. e4 e5 2. Nf3 Nc6 3. Bb5 Nf6 4. O-O Nxe4 5. Re1 Nd6 6. Bxc6 dxc6 7. Nxe5
Be7 8. Nc3 O-O 9. d3 Re8 10. Bf4 Nf5 11. Nc4 Be6 12. Ne3 Nh4 13. Bg3 Ng6
14. Qf3 Qd7 15. h3 Rad8 16. Rad1 Bf6 17. a4 Ne7 18. Ng4 Bd4 19. Ne5 Bxe5
20. Bxe5 Ng6 21. d4 Bd5 22. Qg3 Re7 23. Nxd5 cxd5 24. b3 Rde8 25. Re3 c6
26. Rde1 Qf5 27. R1e2 b6 28. Kh2 Qd7 29. h4 Qf5 30. Qh3 Qxh3+ 31. Kxh3 f6
32. Bd6 Rxe3+ 33. Rxe3 Rxe3+ 34. fxe3 Kf7 35. Bb8 a6 36. g3 Ke6 37. Kg4 Ne7
38. Kf3 h5 39. Ba7 b5 40. axb5 cxb5 41. b4 Ng8 42. c3 Nh6 43. Bb8 Kf5 44.
Bf4 Nf7 45. Bc7 Nh6 46. Bf4 Ng8 47. Bd6 g5 48. Bf8 g4+ 49. Ke2 Ke4 50. Bg7
Ne7 51. Bh6 Nc8 52. Bg7 Nd6 53. Bh6 Nc4 54. Bf4 Na3 55. Kd2 Kf3 56. Kd3 Nc4
57. e4 dxe4+ 58. Kc2 e3 59. Kd1 e2+ 60. Ke1 Nb2 { White resigns } 0-1

[Event "ICC tourney 2481 (75 10)"]
[Site "Internet Chess Club"]
[Date "2021.03.27"]
[Round "2"]
[White "JIANG, LEYOU:karuto2006"]
[Black "STEINER, ADAMSON:poohfur"]
[Result "1-0"]
[ICCResult "Black resigns"]
[WhiteElo "1831"]
[BlackElo "1692"]
[Opening "Ruy Lopez: 5.O-O"]
[ECO "C78"]
[NIC "RL.12"]
[Time "15:32:43"]
[PlyCount "47"]
[TimeControl "4500+10"]

1. e4 e5 2. Nf3 Nc6 3. Bb5 a6 4. Ba4 Nf6 5. O-O b5 6. Bb3 Bc5 7. c3 d6 8.
d4 Bb6 9. Bg5 Bg4 10. Bd5 Qd7 11. Bxf6 gxf6 12. a4 Rd8 13. axb5 axb5 14. h3
Bh5 15. Nbd2 Rg8 16. Bxc6 Qxc6 17. Nxe5 dxe5 18. Qxh5 Rg5 19. Qxh7 f5 20.
Nf3 Rg6 21. Nxe5 Rxg2+ 22. Kxg2 Qxe4+ 23. Kg1 Rd6 24. Qxf7+ { Black resigns
} 1-0

[Event "ICC tourney 2481 (75 10)"]
[Site "Internet Chess Club"]
[Date "2021.03.27"]
[Round "2"]
[White "WAKIDA, KEN:Yamato1945"]
[Black "DINESH, ABINAV:abi2009"]
[Result "0-1"]
[ICCResult "White resigns"]
[WhiteElo "1475"]
[BlackElo "1632"]
[Opening "QGD: exchange, positional line"]
[ECO "D35"]
[NIC "QO.16"]
[Time "15:32:50"]
[PlyCount "69"]
[TimeControl "4500+10"]

1. d4 d5 2. c4 e6 3. Nc3 Nf6 4. cxd5 exd5 5. Bg5 Be7 6. e3 Nbd7 7. Nf3 b6
8. Bb5 Bb7 9. O-O O-O 10. Bd3 h6 11. Bf4 a6 12. Rc1 c5 13. Bb1 Rc8 14. Ne5
b5 15. Qc2 Nb6 16. Nf3 b4 17. Be5 Ne4 18. Nxe4 dxe4 19. Nd2 cxd4 20. Qd1 d3
21. Qg4 Bf6 22. Bxf6 Qxf6 23. Nxe4 Bxe4 24. Qxe4 Rxc1 25. Rxc1 Qxb2 26. Rd1
g6 27. Bxd3 Na4 28. Bc4 Kg7 29. Rb1 Qc3 30. Bxa6 Nc5 31. Qc6 Nxa6 32. Qxc3+
bxc3 33. Rc1 Rc8 34. Kf1 Nb4 35. a3 { White resigns } 0-1

[Event "ICC tourney 2481 (75 10)"]
[Site "Internet Chess Club"]
[Date "2021.03.27"]
[Round "2"]
[White "OPASKA, MICHAEL:mopaska1106"]
[Black "YU, DYLAN:noodlesjr"]
[Result "1-0"]
[ICCResult "Black checkmated"]
[WhiteElo "1945"]
[BlackElo "1709"]
[Opening "Dutch defense, Rubinstein variation"]
[ECO "A84"]
[NIC "HD.10"]
[Time "15:32:41"]
[PlyCount "91"]
[TimeControl "4500+10"]

1. d4 f5 2. c4 e6 3. Nc3 Nf6 4. g3 Be7 5. Bg2 O-O 6. Nh3 d6 7. O-O Nc6 8.
b3 a5 9. Bb2 Bd7 10. d5 Ne5 11. dxe6 Bxe6 12. Nf4 Bc8 13. Ncd5 g5 14. Nxe7+
Qxe7 15. Nd5 Nxd5 16. Qxd5+ Be6 17. Qd4 c6 18. Rad1 Rad8 19. c5 Ng6 20.
cxd6 Qd7 21. Qd2 f4 22. Qxa5 Bh3 23. Qxg5 Rf5 24. Bxh3 Rxg5 25. Bxd7 Rxd7
26. Rd4 Re5 27. Rd2 Kf7 28. Bxe5 Nxe5 29. gxf4 Ng6 30. e3 Ke6 31. Rfd1 Nh4
32. Kf1 Nf3 33. Ke2 Nxd2 34. Rxd2 b5 35. Kf3 h5 36. e4 c5 37. Ke3 Kf7 38.
e5 Ke8 39. e6 Rd8 40. Ke4 c4 41. bxc4 bxc4 42. Ke5 c3 43. Rc2 Ra8 44. Rxc3
Ra5+ 45. Kf6 Ra6 46. Rc8# { Black checkmated } 1-0

[Event "ICC tourney 2481 (75 10)"]
[Site "Internet Chess Club"]
[Date "2021.03.27"]
[Round "2"]
[White "LANE, THOMAS COE:tclaneva"]
[Black "Xiao, Marina:marinaxiao"]
[Result "0-1"]
[ICCResult "White resigns"]
[WhiteElo "1872"]
[BlackElo "1484"]
[Opening "Sicilian: Pelikan, Chelyabinsk variation"]
[ECO "B33"]
[NIC "SI.37"]
[Time "15:32:40"]
[PlyCount "66"]
[TimeControl "4500+10"]

1. e4 c5 2. Nf3 Nc6 3. d4 cxd4 4. Nxd4 Nf6 5. Nc3 e5 6. Ndb5 d6 7. Bg5 a6
8. Na3 b5 9. Nd5 Be7 10. Bxf6 Bxf6 11. c4 b4 12. Nc2 a5 13. Nce3 O-O 14.
Bd3 Bg5 15. h4 Bxe3 16. Nxe3 Nd4 17. Qd2 Rb8 18. O-O-O a4 19. Nc2 Nc6 20.
f3 b3 21. axb3 Rxb3 22. Na1 Rb4 23. Nc2 Rb3 24. Ne3 Nd4 25. Nd5 Ba6 26. Rh3
a3 27. bxa3 Rxa3 28. Qb2 Qa5 29. Qb4 Ra1+ 30. Bb1 Qa2 31. Qb2 Qxc4+ 32. Nc3
Nb3+ 33. Kc2 Rb8 { White resigns } 0-1

[Event "ICC tourney 2481 (75 10)"]
[Site "Internet Chess Club"]
[Date "2021.03.27"]
[Round "2"]
[White "PARVATHANENI, NIKHIL:Nikhilp"]
[Black "WEN, KALLY:kwen2008"]
[Result "1-0"]
[ICCResult "Black resigns"]
[WhiteElo "1793"]
[BlackElo "1708"]
[Opening "Ruy Lopez: 5.O-O"]
[ECO "C78"]
[NIC "RL.12"]
[Time "15:32:39"]
[PlyCount "55"]
[TimeControl "4500+10"]

1. e4 e5 2. Nf3 Nc6 3. Bb5 a6 4. Ba4 Nf6 5. O-O b5 6. Bb3 Bc5 7. Nxe5 Nxe5
8. d4 Bxd4 9. Qxd4 d6 10. f4 Nc6 11. Qc3 Bb7 12. e5 dxe5 13. fxe5 Nd5 14.
Qg3 Rg8 15. Nc3 Nce7 16. Qf3 Rf8 17. Rd1 c6 18. Bg5 Qb6+ 19. Kh1 Nxc3 20.
Qxc3 h6 21. Bxe7 Kxe7 22. e6 Rad8 23. exf7 Qc7 24. Qe3+ Kf6 25. Rf1+ Kg6
26. Qe4+ Kg5 27. Qf5+ Kh4 28. g3+ { Black resigns } 1-0

[Event "ICC tourney 2481 (75 10)"]
[Site "Internet Chess Club"]
[Date "2021.03.27"]
[Round "2"]
[White "HEBBAR, ESHAAN:solveur"]
[Black "KUMAR, SRIRAM K:sirking2800"]
[Result "0-1"]
[ICCResult "White resigns"]
[WhiteElo "1611"]
[BlackElo "1884"]
[Opening "King's Indian: Petrosian system"]
[ECO "E92"]
[NIC "KI.17"]
[Time "15:32:41"]
[PlyCount "82"]
[TimeControl "4500+10"]

1. d4 Nf6 2. c4 g6 3. Nc3 Bg7 4. e4 d6 5. Nf3 O-O 6. Be2 e5 7. d5 Na6 8.
O-O Nc5 9. Nd2 a5 10. f3 Ne8 11. Nb3 b6 12. Be3 f5 13. a3 f4 14. Bf2 Bd7
15. Nxc5 bxc5 16. Nb5 g5 17. Be1 a4 18. Bd3 Qb8 19. b4 axb3 20. Qxb3 h5 21.
a4 g4 22. Be2 Rf6 23. a5 Ra6 24. Rb1 Rg6 25. Qc2 Qd8 26. Qc3 g3 27. h3 Qh4
28. Bxg3 fxg3 29. Bd3 Bh6 30. Rfe1 Bxh3 31. Rb2 Bd7 32. Reb1 Qh2+ 33. Kf1
Qh1+ 34. Ke2 Qxg2+ 35. Kd1 Qxf3+ 36. Kc2 g2 37. Kb3 g1=Q 38. Rxg1 Rxg1 39.
Ka2 Rg3 40. Rb3 Rg2+ 41. Ka3 Bd2 { White resigns } 0-1

[Event "ICC tourney 2481 (75 10)"]
[Site "Internet Chess Club"]
[Date "2021.03.27"]
[Round "2"]
[White "YUAN, SERENA:doudou2011"]
[Black "LI, DAVID TONGJIA:UltimateDL"]
[Result "0-1"]
[ICCResult "White resigns"]
[WhiteElo "1487"]
[BlackElo "1767"]
[Opening "QGA: Mannheim variation"]
[ECO "D23"]
[NIC "QP.08"]
[Time "15:32:48"]
[PlyCount "56"]
[TimeControl "4500+10"]

1. d4 d5 2. Nf3 Nf6 3. c4 dxc4 4. Qa4+ Nc6 5. Qxc4 Bf5 6. e3 e6 7. Nc3 Nb4
8. Kd2 a6 9. a3 b5 10. Nxb5 axb5 11. Qxb5+ c6 12. Qc4 Bd6 13. Ne1 O-O 14.
Nd3 Nxd3 15. Bxd3 Qa5+ 16. Ke2 Bxd3+ 17. Qxd3 e5 18. Bd2 e4 19. Qc4 Qf5 20.
Qxc6 Be7 21. h3 Nd5 22. Qc2 Rfc8 23. Qb3 Rab8 24. Qa2 Bh4 25. Rhf1 Rc2 26.
Kd1 Rbxb2 27. Rb1 Rxd2+ 28. Kc1 Qc8+ { White resigns } 0-1

[Event "ICC tourney 2481 (75 10)"]
[Site "Internet Chess Club"]
[Date "2021.03.27"]
[Round "2"]
[White "Bian, Erin:funpawn"]
[Black "Xiao, Michael:michaelxiao"]
[Result "1-0"]
[ICCResult "Black resigns"]
[WhiteElo "1812"]
[BlackElo "1332"]
[Opening "French: Rubinstein variation"]
[ECO "C10"]
[NIC "FR.07"]
[Time "15:33:34"]
[PlyCount "89"]
[TimeControl "4500+10"]

1. e4 e6 2. d4 d5 3. Nc3 dxe4 4. Nxe4 Nc6 5. Nf3 Be7 6. Bd3 Nf6 7. c3 O-O
8. O-O b6 9. Re1 Bb7 10. Qe2 Nb8 11. Nxf6+ Bxf6 12. Bf4 Nd7 13. Rad1 Qe7
14. Bxc7 Nc5 15. dxc5 Qxc7 16. cxb6 axb6 17. a3 e5 18. Be4 Bxe4 19. Qxe4
Rad8 20. Rd2 Rxd2 21. Nxd2 Rd8 22. Nc4 b5 23. Ne3 Qc5 24. Rd1 Re8 25. Nd5
Bg5 26. h4 Bf4 27. Nxf4 f5 28. Qxf5 Rf8 29. Ne6 Rxf5 30. Nxc5 Rh5 31. g3 g5
32. hxg5 Rxg5 33. Rd8+ Kf7 34. Rb8 h5 35. Rxb5 h4 36. Ne4 Rg4 37. Rxe5 hxg3
38. fxg3 Kg7 39. Rg5+ Rxg5 40. Nxg5 Kg6 41. Nf3 Kf5 42. a4 Ke4 43. Kf2 Kd3
44. a5 Kc2 45. a6 { Black resigns } 1-0

[Event "ICC tourney 2481 (75 10)"]
[Site "Internet Chess Club"]
[Date "2021.03.27"]
[Round "2"]
[White "Kashyap, Mahati B:mnm1"]
[Black "WU, JAYDEN:SparkyNinja"]
[Result "0-1"]
[ICCResult "White checkmated"]
[WhiteElo "1515"]
[BlackElo "1679"]
[Opening "Sicilian: Prins (Moscow) variation"]
[ECO "B55"]
[NIC "SI.01"]
[Time "15:33:11"]
[PlyCount "96"]
[TimeControl "4500+10"]

1. e4 c5 2. Nf3 d6 3. d4 cxd4 4. Nxd4 Nf6 5. f3 a6 6. c4 e6 7. Nc3 Be7 8.
Be3 O-O 9. Be2 Nc6 10. O-O Qc7 11. Qd2 Rd8 12. Rac1 d5 13. cxd5 exd5 14.
exd5 Nxd5 15. Nxc6 Qxc6 16. Rfd1 Be6 17. Ne4 Nxe3 18. Qxe3 Rxd1+ 19. Bxd1
Qd7 20. Be2 Rc8 21. Rxc8+ Qxc8 22. Bd3 f5 23. Nc3 Bc5 24. Kf2 Bxe3+ 25.
Kxe3 Qc5+ 26. Ke2 Bc4 27. Bxc4+ Qxc4+ 28. Kd2 Qd4+ 29. Kc2 Kf7 30. Kb3 b5
31. a3 Ke6 32. g3 Qf2 33. g4 fxg4 34. fxg4 Qxh2 35. Kb4 h5 36. gxh5 Qxh5
37. Ka5 Qh2 38. b4 Qc2 39. Kxa6 Qxc3 40. Kxb5 Qxa3 41. Kc5 g5 42. Kc4 g4
43. b5 g3 44. b6 g2 45. b7 Qb2 46. b8=Q Qxb8 47. Kc5 g1=Q+ 48. Kc6 Qc1# {
White checkmated } 0-1

[Event "ICC tourney 2481 (75 10)"]
[Site "Internet Chess Club"]
[Date "2021.03.27"]
[Round "2"]
[White "Renderer, Winslow Scott:BEASTMODE1"]
[Black "MUTHUKUMAR, AADITH:dabpacman"]
[Result "0-1"]
[ICCResult "White checkmated"]
[WhiteElo "1727"]
[BlackElo "1441"]
[Opening "Benkö gambit"]
[ECO "A57"]
[NIC "BI.46"]
[Time "15:33:42"]
[PlyCount "92"]
[TimeControl "4500+10"]

1. d4 Nf6 2. c4 c5 3. d5 b5 4. e3 g6 5. Nc3 bxc4 6. Bxc4 d6 7. Nf3 Bg7 8.
O-O O-O 9. e4 Nbd7 10. Be3 Ng4 11. Bd2 Nge5 12. Be2 Rb8 13. Rb1 Nxf3+ 14.
Bxf3 Ne5 15. Be2 c4 16. Be3 Ba6 17. Bxa7 Rb7 18. Bd4 Qc7 19. f4 Nd3 20.
Bxg7 Kxg7 21. Bxd3 cxd3 22. Rf3 Rfb8 23. Qd2 Qa5 24. h3 Rc7 25. Rff1 Rcb7
26. b3 Rc7 27. b4 Rxb4 28. Nd1 Qb6+ 29. Ne3 Rxb1 30. Kh2 Rb2 31. Qe1 Re2
32. Qg3 Rxe3 33. Qg5 d2 34. f5 Bxf1 35. h4 d1=Q 36. fxg6 hxg6 37. Qf4 Qd2
38. Qxf1 Re2 39. h5 Rxg2+ 40. Kh3 Rc3+ 41. Kh4 Rh2+ 42. Kg4 gxh5+ 43. Kf5
Rf2+ 44. Qxf2 Qdxf2+ 45. Kg5 Rg3+ 46. Kxh5 Qh2# { White checkmated } 0-1

[Event "ICC tourney 2481 (75 10)"]
[Site "Internet Chess Club"]
[Date "2021.03.27"]
[Round "2"]
[White "RAMASWAMY, PUDUR:clair"]
[Black "NEMMALI, PRATEEK R:Priccchess"]
[Result "1-0"]
[ICCResult "Black resigns"]
[WhiteElo "1745"]
[BlackElo "1822"]
[Opening "Queen's pawn, Mason variation"]
[ECO "D00"]
[NIC "QP.08"]
[Time "15:38:04"]
[PlyCount "65"]
[TimeControl "4500+10"]

1. d4 d5 2. Bf4 e6 3. e3 Bd6 4. Bg3 Nf6 5. Nd2 Nc6 6. Ngf3 O-O 7. c3 Re8 8.
Ne5 Bxe5 9. dxe5 Nd7 10. f4 Qe7 11. Nf3 f6 12. Bd3 f5 13. Bh4 Qf7 14. Ng5
Qg6 15. Rg1 Nc5 16. Bc2 Qh6 17. Nf3 Ne4 18. g4 fxg4 19. Rxg4 b6 20. Qe2 a5
21. a4 Ba6 22. Qg2 Ne7 23. Bg5 Qh5 24. Bf6 Ng6 25. Rh4 Qf5 26. Nd4 gxf6 27.
Nxf5 exf5 28. Bxe4 dxe4 29. Rh6 Kg7 30. exf6+ Kxf6 31. Qg5+ Kg7 32. O-O-O
Bd3 33. h4 { Black resigns } 1-0

[Event "ICC tourney 2481 (75 10)"]
[Site "Internet Chess Club"]
[Date "2021.03.27"]
[Round "2"]
[White "SATTARU, SRITEJ SAI:FL2009"]
[Black "Patel, Arav:APBrain"]
[Result "1-0"]
[ICCResult "Black checkmated"]
[WhiteElo "1820"]
[BlackElo "1669"]
[Opening "Caro-Kann: exchange variation"]
[ECO "B13"]
[NIC "CK.02"]
[Time "15:33:13"]
[PlyCount "163"]
[TimeControl "4500+10"]

1. e4 c6 2. d4 d5 3. exd5 cxd5 4. Bd3 Nf6 5. c3 Nc6 6. h3 h6 7. Nf3 e6 8.
O-O Bd6 9. Re1 O-O 10. Nbd2 Qc7 11. b3 e5 12. dxe5 Nxe5 13. Nxe5 Bxe5 14.
Bb2 a6 15. Nf3 Bd6 16. Rc1 Be6 17. Nd4 Qd7 18. Qf3 Nh7 19. Bf5 Ng5 20. Qg4
Bxf5 21. Nxf5 Kh7 22. c4 g6 23. Qd4 f6 24. Nxd6 Qxd6 25. Qxd5 Qxd5 26. cxd5
Rf7 27. h4 Rd8 28. hxg5 hxg5 29. Rcd1 Kg7 30. d6 Rdd7 31. Ba3 f5 32. Re6 f4
33. f3 g4 34. Rde1 g3 35. Re7 b5 36. Rxd7 Rxd7 37. Re7+ Rxe7 38. dxe7 Kf7
39. Bd6 g5 40. Kf1 a5 41. Ke2 a4 42. b4 Ke8 43. Bc5 Kf7 44. Kd3 Ke8 45. Ke4
Kf7 46. Kf5 a3 47. Kxg5 Ke8 48. Kxf4 Kf7 49. Kxg3 Ke8 50. Kf2 Kf7 51. Ke3
Ke8 52. Kd3 Kf7 53. Kc3 Ke8 54. Kb3 Kd7 55. Kxa3 Ke8 56. Kb3 Kf7 57. a4
bxa4+ 58. Kxa4 Ke8 59. Ka5 Kd7 60. b5 Ke8 61. Bd6 Kd7 62. b6 Kxd6 63. b7
Kc7 64. e8=Q Kxb7 65. Qe1 Kc6 66. Kb4 Kd5 67. Kc3 Kd6 68. Kd3 Kd5 69. Qe4+
Kd6 70. Ke3 Kd7 71. g3 Kd8 72. f4 Kd7 73. g4 Kd6 74. f5 Kd7 75. g5 Kd6 76.
f6 Kd7 77. g6 Kd6 78. Kf4 Kd7 79. Qe5 Kd8 80. Qe7+ Kc8 81. g7 Kb8 82. g8=Q#
{ Black checkmated } 1-0

[Event "ICC tourney 2481 (75 10)"]
[Site "Internet Chess Club"]
[Date "2021.03.27"]
[Round "2"]
[White "VATS, ATIKSH:avats"]
[Black "TALWALKAR, VEDANT AMEYA:castle2king"]
[Result "1/2-1/2"]
[ICCResult "Game drawn by mutual agreement"]
[WhiteElo "1577"]
[BlackElo "1644"]
[Opening "Giuoco Pianissimo"]
[ECO "C50"]
[NIC "IG.02"]
[Time "15:32:49"]
[PlyCount "102"]
[TimeControl "4500+10"]

1. e4 e5 2. Nf3 Nc6 3. Bc4 Bc5 4. d3 h6 5. O-O Nf6 6. Nc3 d6 7. h3 O-O 8.
Be3 Bb6 9. Qd2 Re8 10. Nh2 Nd4 11. Ne2 Nxe2+ 12. Qxe2 Bxe3 13. fxe3 c6 14.
Rf2 Bd7 15. Raf1 d5 16. exd5 cxd5 17. Bb3 Rf8 18. Qf3 Bc6 19. Ng4 Nxg4 20.
Qxg4 Qg5 21. Qxg5 hxg5 22. c3 Rad8 23. d4 e4 24. Rf5 f6 25. c4 dxc4 26.
Bxc4+ Kh7 27. d5 Be8 28. Rd1 Bg6 29. Rf2 Rd6 30. Rfd2 Re8 31. Bb3 Re7 32.
g4 Kg8 33. Kf2 Kf7 34. Kg3 Bh7 35. Rh2 Kg8 36. h4 gxh4+ 37. Rxh4 g5 38. Rh6
Kg7 39. Rh2 Kg8 40. Rc2 Kf7 41. Rdc1 Bg6 42. Rc7 Bh7 43. Rxe7+ Kxe7 44. Rd1
Kd7 45. Rd4 Bg6 46. Bc2 Bh7 47. Bxe4 Bxe4 48. Rxe4 Rxd5 49. Rd4 Kd6 50.
Rxd5+ Kxd5 51. Kf3 Ke5 { Game drawn by mutual agreement } 1/2-1/2

[Event "ICC tourney 2481 (75 10)"]
[Site "Internet Chess Club"]
[Date "2021.03.27"]
[Round "2"]
[White "Aravindakshan, Sahana:TigerSahi"]
[Black "WANG, JESSICA:crazyhorse9"]
[Result "1-0"]
[ICCResult "Black resigns"]
[WhiteElo "1641"]
[BlackElo "1503"]
[Opening "King's Indian: Four pawns attack"]
[ECO "E76"]
[NIC "KI.31"]
[Time "15:32:52"]
[PlyCount "43"]
[TimeControl "4500+10"]

1. d4 Nf6 2. c4 g6 3. Nc3 Bg7 4. e4 d6 5. f4 Nfd7 6. Nf3 O-O 7. Bd3 e5 8.
fxe5 dxe5 9. d5 c6 10. O-O h6 11. Be3 f5 12. Bf2 f4 13. Nh4 Qg5 14. dxc6
Nxc6 15. Nd5 Nf6 16. Nf3 Qh5 17. Nxf6+ Bxf6 18. Be2 Bg4 19. h3 Bxf3 20.
Bxf3 Qg5 21. h4 Rad8 22. Qc1 { Black resigns } 1-0

[Event "ICC tourney 2481 (75 10)"]
[Site "Internet Chess Club"]
[Date "2021.03.27"]
[Round "2"]
[White "YANG, MAXWELL Z:tigertiger2019"]
[Black "CHAMPSI, IMRAN:imranchamp"]
[Result "1/2-1/2"]
[ICCResult "Game drawn by mutual agreement"]
[WhiteElo "1650"]
[BlackElo "1813"]
[Opening "Sicilian: Pelikan, Chelyabinsk variation"]
[ECO "B33"]
[NIC "SI.37"]
[Time "15:33:14"]
[PlyCount "66"]
[TimeControl "4500+10"]

1. Nf3 c5 2. e4 Nc6 3. d4 cxd4 4. Nxd4 Nf6 5. Nc3 e5 6. Ndb5 d6 7. Bg5 a6
8. Na3 b5 9. Nd5 Be7 10. Bxf6 Bxf6 11. c3 Ne7 12. Nc2 Bg5 13. Nce3 Bxe3 14.
Nxe3 O-O 15. a4 bxa4 16. Rxa4 Be6 17. Rxa6 Rxa6 18. Bxa6 Qb6 19. Qe2 Ra8
20. Bd3 Ng6 21. O-O Nf4 22. Qd2 Nxd3 23. Qxd3 Qxb2 24. Qxd6 Qxc3 25. Rd1 h6
26. Nd5 Bxd5 27. Qxd5 Ra1 28. h3 Rxd1+ 29. Qxd1 g6 30. g3 Qc4 31. Qe1 Qd4
32. Qe2 Kg7 33. Kg2 Qc3 { Game drawn by mutual agreement } 1/2-1/2